 Dungeon Crawl Stone Soup version 0.31.0-4-g52a2dc7128 (webtiles) character file.

Game seed: 3436568220993027317

67 Gottschkopf the Trooper (level 4, -1/45 HPs)
             Began as a Troll Fighter on Jan 22, 2024.
             Slain by Sigmund
             ... wielding a +0 scythe
              (10 damage)
             ... on level 2 of the Dungeon.
             The game lasted 00:03:17 (1066 turns).

Gottschkopf the Trooper (Troll Fighter)             Turns: 1066, Time: 00:03:18

Health: -1/45      AC:  4    Str: 26    XL:     4   Next: 0%
Magic:  3/3        EV:  8    Int:  4    God:
Gold:   61         SH:  7    Dex:  9    Spells: 3/3 levels left

rFire   + .          .
                       - Unarmed
rCold   . . .        b - +0 kite shield
rNeg    . . .        a - +0 robe
rPois   .            (helmet restricted)
rElec   .            (no cloak)
rCorr   .            (gloves unavailable)
SInv    .            (boots unavailable)
Will    .....        (no amulet)
Stlth   +            i - ring of protection from fire
HPRegen 1.07/turn    (no ring)
MPRegen 0.08/turn

%: no passive effects
@: no status effects
A: large, unfitting armour, claws 3, regeneration 1, shaggy fur 1, tough skin 1
a: no special abilities


You were on level 2 of the Dungeon.
You visited 1 branch of the dungeon, and saw 2 of its levels.

You collected 61 gold pieces.

Inventory:

Armour
 a - a +0 robe (worn)
 b - a +0 kite shield (worn)
Jewellery
 i - a ring of protection from fire (left claw)
Talismans
 f - a beast talisman
Scrolls
 e - 3 scrolls of identify {unknown}
 g - a scroll of teleportation {unknown}
Potions
 c - a potion of might
 d - 2 potions of attraction {unknown}
 h - a potion of curing {unknown}
 j - a potion of invisibility {unknown}
 k - a potion of magic {unknown}


   Skills:
 + Level 3.3 Fighting
 - Level 2.4 Dodging
 - Level 2.6 Shields
 + Level 3.3 Unarmed Combat


You had 3 spell levels left.
You didn't know any spells.
Your spell library was empty.

Dungeon Overview and Level Annotations

Branches:
Dungeon (2/15)

Altars:

Annotations:
D:2 Sigmund


Innate Abilities, Weirdness & Mutations

You are too large for most types of armour.
You have claws for hands.
Your natural rate of healing is unusually fast.
You are covered in fur. (AC +1)
You have tough skin. (AC +1)


Message History

You claw the dart slug!
You kill the dart slug!
Something hits you!
You completely miss the rat. You block the rat's attack.
Something hits you but does no damage.
You claw the rat!
You kill the rat!
You have reached level 4!
Something hits you.
You see here a dart slug corpse.
You closely miss something. Something hits you.
You miss something. Something hits you.
You miss something. You closely miss something. You block something's attack.
You completely miss something. You block something's attack.
You claw something! You scratch something but do no damage. Something hits you.
You miss something.
You hear some strange, mumbled words.
Something tries to affect you, but you resist.
You barely miss something. Something hits you!
You barely miss something. Something hits you!
* * * LOW HITPOINT WARNING * * *
You miss something. You closely miss something.
You hear some strange, mumbled words.
You are confused.
You hear some strange, mumbled words.
Something tries to affect you, but you resist.
Something hits you.
* * * LOW HITPOINT WARNING * * *
Something hits you.
* * * LOW HITPOINT WARNING * * *
Something hits you but does no damage. Something hits you!
* * * LOW HITPOINT WARNING * * *
You scratch something.
You feel less confused.
You closely miss something. Something hits you!
You die...

#...### ##..#.#
########### #....###
#.........# #.#....#
#.........# #...>#.#
#.........# ######.#
#.........# #.#
#.........# #.#
#.......@.########.#
.........{†).......#
#.........##########
#.........#
#.........#
#.........#
#........?#
###########


There were no monsters in sight!

Vanquished Creatures
  A gnoll (D:1)
  A ribbon worm (D:2)
  3 dart slugs
  3 endoplasms (D:1)
  4 giant cockroaches
  5 goblins
  3 hobgoblins
  5 kobolds
  3 quokkas
  3 ball pythons (D:1)
  8 bats
  3 frilled lizards
  5 rats
47 creatures vanquished.

Notes
Turn   | Place    | Note
-------+----------+-------------------------------------------
     0 | D:1      | Gottschkopf the Troll Fighter began the quest for the Orb.
     0 | D:1      | Reached XP level 1. HP: 22/22 MP: 0/0
   149 | D:1      | Reached XP level 2. HP: 29/29 MP: 1/1
   324 | D:1      | Reached XP level 3. HP: 37/37 MP: 2/2
  1034 | D:2      | Noticed Sigmund
  1046 | D:2      | Reached XP level 4. HP: 33/45 MP: 3/3
  1066 | D:2      | Slain by Sigmund

Illustrated notes

Levels and vault maps discovered:
D:1:      zelgadis_glass_arrival_small, layout_basic
D:2:      layout_basic, uniq_sigmund

Skill      XL: |  1  2  3 |
---------------+----------+-----
Fighting       | 3 |  3.3
Unarmed Combat | 3 |  3.3
Dodging        | |  2.4
Shields        | |  2.6

Action                     |  1- 3 |  4- 6 || total
---------------------------+-------+-------++-------
  Melee: Unarmed           |   116 |    14 ||   130
 Armour: Robe              |    61 |    11 ||    72
  Dodge: Dodged            |    30 |       ||    30
  Block: Kite shield       |    39 |     2 ||    41
